 Dungeon Crawl Stone Soup version 0.29-a0-418-gc0181ea820 (webtiles) character file.

Game seed: 9222319797663563572

77 Hubjo the Firebug (level 4, -2/26 HPs)
             Began as a Deep Elf Fire Elementalist on May 17, 2022.
             Slain by an orc priest
             ... wielding a +0 hand axe
              (5 damage)
             ... on level 3 of the Dungeon.
             The game lasted 00:03:32 (4024 turns).

Hubjo the Firebug (Deep Elf Fire Elementalist)      Turns: 4024, Time: 00:03:34

Health: -2/26      AC:  4    Str:  5    XL:     4   Next: 14%
Magic:  0/11       EV: 12    Int: 22    God:
Gold:   113        SH:  0    Dex: 15    Spells: 9/10 levels left

rFire   . . .      SeeInvis .   h - +0 dagger
rCold   . . .      Faith    .   (no shield)
rNeg    . . .      Spirit   .   a - +0 robe
rPois   .          Reflect  .   (no helmet)
rElec   .          Harm     .   j - +0 cloak
rCorr   .          Rampage  .   (no gloves)
Will    .....                   d - +0 pair of boots
Stlth   ++........              (no amulet)
HPRegen 0.08/turn               (no ring)
MPRegen 0.12/turn               (no ring)

@: no status effects
A: no striking features
a: no special abilities


You were on level 3 of the Dungeon.
You visited 1 branch of the dungeon, and saw 3 of its levels.

You collected 113 gold pieces.

Inventory:

Hand Weapons
 h - a +0 dagger (weapon)
Armour
 a - a +0 robe (worn)
 d - a +0 pair of boots (worn)
 j - a +0 cloak (worn)
Magical Staves
 m - a staff of earth
Wands
 r - a wand of mindburst (10)
Scrolls
 c - a scroll of poison {unknown}
 e - a scroll of magic mapping {unknown}
 i - a scroll of enchant armour {unknown}
 l - a scroll of identify {unknown}
 n - a scroll of torment {unknown}
 p - a scroll of immolation {unknown}
 q - 2 scrolls of teleportation
Potions
 b - a potion of magic
 f - a potion of invisibility {unknown}
 g - a potion of lignification {unknown}
 k - 2 potions of might {unknown}
 o - 3 potions of flight {unknown}


   Skills:
 * Level 2.0 Fighting
 - Level 2.4 Dodging
 + Level 3.3 Stealth
 + Level 3.7 Spellcasting
 - Level 1.1 Conjurations
 + Level 3.8 Fire Magic


You had 9 spell levels left.
You knew the following spells:

 Your Spells              Type           Power      Damage    Failure   Level
a - Foxfire               Conj/Fire      56%        2x1d6     4%          1

Your spell library contained the following spells:

 Spells                   Type           Power      Damage    Failure   Level
 Scorch                   Fire           40%        2d7       3%          2
 Conjure Flame            Conj/Fire      14%        6-21      13%         3
 Inner Flame              Hex/Fire       12%        N/A       16%         3
 Flame Wave               Conj/Fire      14%        2d6       38%         4


Dungeon Overview and Level Annotations

Branches:
Dungeon (3/15)

Altars:
Kikubaaqudgha


Message History

The foxfire hits the orc.
The orc is severely wounded.
The orc closely misses you.
The orc hits your foxfire with a +0 hand axe.
You conjure some foxfire!
The foxfire hits the orc but does no damage.
The orc is severely wounded.
The foxfire hits the orc but does no damage.
The orc is severely wounded.
The orc barely misses you. The orc barely misses your foxfire.
You conjure some foxfire!
The foxfire hits the orc.
The orc is almost dead.
The foxfire hits the orc but does no damage.
The orc is almost dead.
The orc hits you with a +0 hand axe. The orc barely misses your foxfire.
The orc hits your foxfire with a +0 hand axe.
You conjure some foxfire!
The foxfire hits the orc but does no damage.
The orc is almost dead.
The foxfire hits the orc.
You kill the orc!
Your Fighting skill increases to level 2!
You are too depleted to draw on your mana recklessly!
You are too depleted to draw on your mana recklessly!
Unknown command.
You hit the orc priest but do no damage.
The orc priest is heavily wounded.
The foxfire hits the orc priest.
The orc priest is heavily wounded.
The foxfire hits the orc priest but does no damage.
The orc priest is heavily wounded.
The orc priest mumbles some strange prayers to Beogh against you.
Beogh smites you!
* * * LOW HITPOINT WARNING * * *
Aiming: Mindburst
Press: ? - help, Shift-Dir - straight line, f - orc priest
Aim: an orc priest, wielding a +0 hand axe and wearing a +0 ring mail (heavily wounded, chance to affect: 64%)
The orc priest struggles to resist.
The orc priest hits you with a +0 hand axe.
You die...

#.#.# #....######
#.#.######........#
#.#..........†###.#
####.....####...###.##
#<.##...##.<#.)......#
#...#...#...#...###(.###.
##..#...#o.##...# #......
###....o######## #...##.
........@....######...#
......8§§.............#
.............#######..###
####.....###.............
#..#...#).#########..###
...#÷..#...#.........#
>.##...##.>#########.#
#....##### #.# ###.####.#
#.#


You could see an orc priest and an orc.

Vanquished Creatures
  An adder (D:2)
  A worm (D:2)
  2 dart slugs
  2 orcs (D:3)
  3 endoplasms
  4 giant cockroaches
  4 goblins
  3 hobgoblins (D:1)
  4 jackals (D:1)
  A quokka (D:1)
  4 ball pythons
  7 bats
  7 frilled lizards
  9 kobolds
  2 rats
54 creatures vanquished.

Vanquished Creatures (collateral kills)
  10 foxfires
10 creatures vanquished.

Vanquished Creatures (others)
  325 foxfires
  9 plants (D:1)
334 creatures vanquished.

Grand Total: 398 creatures vanquished

Notes
Turn   | Place    | Note
-------+----------+-------------------------------------------
     0 | D:1      | Hubjo the Deep Elf Fire Elementalist began the quest for
                  | the Orb.
     0 | D:1      | Reached XP level 1. HP: 10/10 MP: 6/6
   589 | D:1      | Reached XP level 2. HP: 16/16 MP: 2/8
   734 | D:1      | Reached skill level 1 in Fighting
  1217 | D:1      | Reached XP level 3. HP: 20/20 MP: 4/9
  2902 | D:2      | Found an ancient bone altar of Kikubaaqudgha.
  3018 | D:2      | Found a faded altar of an unknown god.
  3582 | D:2      | Reached XP level 4. HP: 26/26 MP: 8/11
  4024 | D:3      | Slain by an orc priest

Illustrated notes

Levels and vault maps discovered:
D:1:      wander_arrival_desolate, layout_rooms, serial_forest,
          infiniplex_forest_clump_tiny, infiniplex_forest_lined_2,
          infiniplex_forest_end_2, infiniplex_forest_lined_room_2,
          infiniplex_forest_straight_2, infiniplex_forest_clump_small,
          infiniplex_forest_clump_C, infiniplex_forest_clump_double
D:2:      layout_basic, basic_altar, shapermc_ecumenical_altar_mp_vishouse
D:3:      layout_basic, nicolae_overflow_hidden_temple,
          mainiacjoe_overflow_paths, portal_sewer_entry_b, grunt_ministairs_6,
          uniq_robin

Skill      XL: |  1  2  3  4 |
---------------+-------------+-----
Fighting       | 1 2 |  2.0
Stealth        | 3 |  3.3
Dodging        | |  2.4
Spellcasting   | |  3.7
Conjurations   | |  1.1
Fire Magic     | |  3.8

Action                   |  1- 3 |  4- 6 || total
-------------------------+-------+-------++-------
Melee: Unarmed           |   232 |       ||   232
       Dagger            |    76 |     1 ||    77
       Punch             |     6 |       ||     6
 Cast: Foxfire           |   178 |    32 ||   210
Evoke: Wand              |       |     1 ||     1
  Use: Scroll            |       |     1 ||     1
 Stab: Sleeping          |     1 |       ||     1
Armor: Robe              |    17 |       ||    17
Dodge: Dodged            |    48 |     3 ||    51

Table legend: (Time is in decaauts)
 A = Elapsed time spent in this place.
 B = Non-inter-level travel time spent in this place.
 C = Inter-level travel time spent in this place.
 D = Time resting spent in this place.
 E = Time spent auto-exploring this place.
 F = Levels seen in this place.
 G = Mean time per level.
                   A        B        C        D        E       F      G
               +--------+--------+--------+--------+--------+-----+--------+
         Total |   4022 |   3901 |    121 |      0 |   3115 |   3 | 1340.7 |
       Dungeon |   4022 |   3901 |    121 |      0 |   3115 |   3 | 1340.7 |
               +--------+--------+--------+--------+--------+-----+--------+

Top non-repeatable levels by time:
     D:1: 2216 daAuts
     D:2: 1495 daAuts
     D:3: 310 daAuts
